 Seeded DCSS version 0.27.1-35-g4d5d836560 (webtiles) character file.

Game seed: 65746521687651 (custom seed)

0 Kayban the Firebug (level 1, 0/14 HPs)
             Began as a Demigod Fire Elementalist on Mar 10, 2022.
             Slain by a hobgoblin (4 damage)
             ... on level 1 of the Dungeon.
             The game lasted 00:01:58 (170 turns).

Kayban the Firebug (Demigod Fire Elementalist)       Turns: 170, Time: 00:01:59

Health: 0/14       AC:  2    Str:  9    XL:     1   Next: 6%
Magic:  5/5        EV: 12    Int: 17    God:
Gold:   0          SH:  0    Dex: 14    Spells: 2/3 levels left

rFire    . . .     SeeInvis .   (no weapon)
rCold    . . .     Faith    .   (no shield)
rNeg     . . .     Spirit   .   a - +0 robe
rPois    .         Reflect  .   (no helmet)
rElec    .         Harm     .   (no cloak)
rCorr    .         Rampage  .   (no gloves)
Will     .....                  (no boots)
Stlth    ++........             (no amulet)
HPRegen  0.04/turn              (no ring)
MPRegen  0.09/turn              (no ring)

@: no status effects
A: high mp 1, forlorn
a: no special abilities


You were on level 1 of the Dungeon.
You visited 1 branch of the dungeon, and saw 1 of its levels.

Inventory:

Armour
 a - a +0 robe (worn)


   Skills:
 + Level 1.7 Dodging
 + Level 1.7 Stealth
 + Level 0.1 Unarmed Combat
 + Level 1.7 Spellcasting
 + Level 0.8 Conjurations
 + Level 2.6 Fire Magic


You had 2 spell levels left.
You knew the following spells:

 Your Spells              Type           Power      Damage    Failure   Level
a - Foxfire               Conj/Fire      28%        2x1d5     10%         1

Your spell library contained the following spells:

 Spells                   Type           Power      Damage    Failure   Level
 Conjure Flame            Conj/Fire      7%         6-21      28%         3
 Inner Flame              Hex/Fire       6%         N/A       34%         3
 Sticky Flame             Conj/Fire      7%         2d3       67%         4
 Fireball                 Conj/Fire      3%         3d4       95%         5


Dungeon Overview and Level Annotations

Branches:
Dungeon (1/15)


Innate Abilities, Weirdness & Mutations

Your attributes grow dramatically as you level up.
You have an increased reservoir of magic. (+10% MP)
You shall have no god before yourself.


Message History

The rat closely misses you. The rat barely misses you.
The rat barely misses you. The rat barely misses you.
There is an open door here.
There is an open door here.
The rat misses you. The rat bites you but does no damage.
A hobgoblin comes into view.
A ball python comes into view.
The rat bites you.
The hobgoblin shouts!
You closely miss the rat. The rat misses you.
You barely miss the rat. The rat barely misses you.
You barely miss the rat.
The ball python hisses angrily.
The rat closely misses you. The hobgoblin closely misses you.
You barely miss the rat. The rat closely misses you.
The hobgoblin closely misses you.
You hit the rat but do no damage. The rat misses you. The hobgoblin hits you.
You hit the rat.
The rat is heavily wounded.
The rat bites you. The hobgoblin closely misses you.
You barely miss the rat.
The rat is heavily wounded.
The rat misses you. The hobgoblin barely misses you.
You barely miss the rat.
The rat is heavily wounded.
The rat barely misses you. The hobgoblin misses you.
You closely miss the rat.
The rat is heavily wounded.
The rat misses you. The hobgoblin hits you.
* * * LOW HITPOINT WARNING * * *
You hit the rat.
You kill the rat!
The hobgoblin barely misses you. The hobgoblin completely misses you.
The hobgoblin closely misses you. The hobgoblin hits you.
You die...

#........+
#.####...# #.# ###
#.# #.# #.####
########....####
###
#.gS.....##....#
...#
#@#######♣♣♣...♣♣♣
♣..# #.#
♣♣.......♣
♣..##.##
♣♣.........
♣.....#
♣....♣.♣...
♣.....#
♣.....⌠....
♣.....#
♣....♣.♣...
♣.....#
♣♣.........
####'## ♣♣.....♣#.
#.##.# ♣♣♣♣♣♣♣♣♣


You could see a hobgoblin and a ball python.

Vanquished Creatures
  A rat (D:1)
1 creature vanquished.

Notes
Turn   | Place    | Note
-------+----------+-------------------------------------------
     0 | D:1      | Kayban the Demigod Fire Elementalist began the quest for
                  | the Orb.
     0 | D:1      | Reached XP level 1. HP: 14/14 MP: 5/5
   170 | D:1      | Slain by a hobgoblin

Illustrated notes

Levels and vault maps discovered:
D:1:      amcnicky_arrival_underground_garden, layout_basic, serial_forest,
          infiniplex_forest_straight_4, infiniplex_forest_lined_2,
          infiniplex_forest_zigzag_1, infiniplex_forest_pool,
          infiniplex_forest_end_2

Action                   || total
-------------------------++-------
Melee: Unarmed           ||    10
 Cast: Foxfire           ||     1
Armor: Robe              ||     1
Dodge: Dodged            ||    22
